 Dungeon Crawl Stone Soup version 0.23.0 (webtiles) character file.

Game seed: 7998594312254879972

231 Borgoz the Sneak (level 6, 0/37 HPs)
             Began as a Kobold Assassin on Feb 17, 2019.
             Slain by a ball python (1 damage)
             ... in a sewer.
             The game lasted 00:07:17 (3265 turns).

Borgoz the Sneak (Kobold Assassin)                  Turns: 3265, Time: 00:07:18

Health: 0/37       AC:  5    Str: 15    XL:     6   Next: 24%
Magic:  6/6        EV: 12    Int: 12    God:
Gold:   116        SH:  0    Dex: 17    Spells: 5/5 levels left

rFire    . . .     SeeInvis .   a - +2 dagger
rCold    . . .     Gourm    .   (shield restricted)
rNeg     . . .     Faith    .   o - +0 leather armour
rPois    .         Spirit   .   (no helmet)
rElec    .         Reflect  .   d - +0 cloak
rCorr    .         Harm     .   (no gloves)
MR       .....                  p - +0 pair of boots
Stlth    ++........             (no amulet)
HPRegen  0.12/turn              (no ring)
MPRegen  0.10/turn              (no ring)

@: mighty, constricted, very slow
A: small, carnivore
a: no special abilities


You were in a sewer.
You were completely stuffed.

You visited 1 branch of the dungeon, and saw 3 of its levels.
You also visited: Sewer.

You collected 116 gold pieces.

Inventory:

Hand Weapons
 a - a +2 dagger (weapon)
 b - a +0 blowgun
Missiles
 e - 9 poisoned needles
 f - 2 curare-tipped needles
Armour
 d - a +0 cloak (worn)
 o - a +0 leather armour (worn)
 p - a +0 pair of boots (worn)
Jewellery
 l - an uncursed amulet of faith
Scrolls
 c - a scroll of remove curse {unknown}
 h - a scroll of fog {unknown}
 k - a scroll of magic mapping
 m - a scroll of fear {unknown}
 q - a scroll of enchant armour {unknown}
Potions
 i - a potion of curing
 n - 2 potions of haste
Comestibles
 g - 3 rations


   Skills:
 + Level 3.5 Fighting
 + Level 4.3 Short Blades
 + Level 3.5 Throwing
 + Level 3.2 Dodging
 + Level 6.4 Stealth


You had 5 spell levels left.
You didn't know any spells.
Your spell library was empty.

Dungeon Overview and Level Annotations

Branches:
Dungeon (3/15)

Altars:
Qazlal


Innate Abilities, Weirdness & Mutations

You are small and have problems with some larger weapons.
You are carnivorous and can eat meat at any time.


Message History

* * * LOW HITPOINT WARNING * * *
The ball python closely misses you. The ball python misses you.
The ball python constricts you. The ball python bites you.
* * * LOW HITPOINT WARNING * * *
You closely miss the river rat.
The river rat is lightly wounded.
The ball python misses you. The river rat barely misses you.
The ball python bites you but does no damage.
The ball python constricts you. The rat closely misses you.
You puncture the river rat!
You kill the river rat!
The ball python barely misses you.
The ball python bites you but does no damage.
The ball python misses you.
* * * LOW HITPOINT WARNING * * *
The ball python constricts you.
You barely miss the ball python.
The ball python bites you but does no damage.
The rat misses you. The ball python bites you.
You die...

##### .'..# .#..# .####
..####################
...#≈≈≈≈≈≈≈≈.#≈≈≈≈≈..###
....≈≈≈≈≈≈≈≈≈.≈≈≈≈≈....##
....≈≈≈≈≈≈≈≈.≈≈≈≈r†≈....#
....≈≈≈≈≈≈≈≈.≈≈≈@S≈.....#
....≈≈≈≈≈≈≈.≈†≈≈SS≈J....#
##.#≈≈≈≈≈≈≈#≈#††≈≈≈......
####################....
#... #.. ..


You could see an ooze, 3 ball pythons and a rat.

Vanquished Creatures
  A bullfrog skeleton (D:2)
  An orc wizard (D:3)
  An adder (Sewer)
  6 river rats
  5 worms
  3 dart slugs
  5 leopard geckos
  3 orcs (D:3)
  5 bats
  3 giant cockroaches
  6 goblins
  6 hobgoblins
  A quokka (D:2)
  7 ball pythons
  5 frilled lizards
  10 kobolds
  31 rats
99 creatures vanquished.

Notes
Turn   | Place    | Note
-------+----------+-------------------------------------------
     0 | D:1      | Borgoz the Kobold Assassin began the quest for the Orb.
     0 | D:1      | Reached XP level 1. HP: 12/12 MP: 1/1
    80 | D:1      | Reached XP level 2. HP: 10/18 MP: 2/2
   256 | D:1      | Reached XP level 3. HP: 8/22 MP: 3/3
  1331 | D:2      | Reached XP level 4. HP: 27/27 MP: 4/4
  1778 | D:2      | Found a faded altar of an unknown god.
  1989 | D:2      | Reached XP level 5. HP: 28/32 MP: 5/5
  2098 | D:2      | Found a stormy altar of Qazlal.
  2354 | D:3      | Reached skill level 6 in Stealth
  2667 | D:3      | Found a glowing drain.
  2692 | Sewer    | Entered a sewer
  2936 | Sewer    | Reached XP level 6. HP: 24/37 MP: 6/6
  3264 | Sewer    | HP: 1/37 [ball python (1)]
  3265 | Sewer    | Slain by a ball python

Skill      XL: |  1  2  3  4  5 |
---------------+----------------+-----
Short Blades   | 3 4 |  4.3
Dodging        | 2 3 |  3.2
Fighting       | 3 |  3.5
Throwing       | 3 |  3.5
Stealth        | 6 |  6.4

Action                   |  1- 3 |  4- 6 || total
-------------------------+-------+-------++-------
Melee: Dagger            |   112 |   275 ||   387
 Fire: Blowgun           |    16 |    23 ||    39
  Use: Scroll            |       |     4 ||     4
       Potion            |       |     4 ||     4
 Stab: Sleeping          |     6 |     3 ||     9
  Eat: Chunk             |     9 |     7 ||    16
Armor: Robe              |    11 |       ||    11
       Leather armour    |     6 |    83 ||    89
Dodge: Dodged            |    98 |   206 ||   304
